 Dungeon Crawl Stone Soup version 0.20-a0-191-g0795697 (webtiles) character file.

578 sugabear the Cudgeler (level 7, 0/35 HPs)
             Began as a Vine Stalker Gladiator on Nov 22, 2016.
             Slain by an ogre
             ... wielding a +0 giant club
              (12 damage)
             ... on level 4 of the Dungeon.
             The game lasted 00:05:41 (3611 turns).

sugabear the Cudgeler (Vine Stalker Gladiator)      Turns: 3611, Time: 00:05:42

Health: 0/35       AC:  8    Str: 22    XL:     7   Next: 35%
Magic:  0/8        EV: 13    Int:  9    God:
Gold:   130        SH:  0    Dex: 16    Spells: 6/6 levels left

rFire  . . .     SeeInvis .     a - +0 flail
rCold  . . .     Gourm    .     b - +0 leather armour
rNeg   . . .     Faith    .     (no shield)
rPois  .         Spirit   +     p - +2 helmet
rElec  .         Reflect  .     (no cloak)
rCorr  .         Harm     .     (no gloves)
MR     .....                    (no boots)
Stlth  +.........               (no amulet)
                                t - +5 ring of strength
                                r - +2 ring of protection

@: drained
A: fangs 2, regeneration 1, magic shield, antimagic bite, no device heal 3, rot
immunity
a: no special abilities


You were on level 4 of the Dungeon.
You were not hungry.

You visited 1 branch of the dungeon, and saw 4 of its levels.
You also visited: Sewer.

You collected 130 gold pieces.

Inventory:

Hand Weapons
 a - a +0 flail (weapon)
Missiles
 d - 3 throwing nets (quivered)
Armour
 b - a +0 leather armour (worn)
 p - a +2 helmet (worn)
Jewellery
 r - a +2 ring of protection (left hand)
 t - a +5 ring of strength (right hand)
 x - an uncursed ring of flight
Scrolls
 e - a scroll of magic mapping {unknown}
 h - 5 scrolls of identify {unknown}
 k - 5 scrolls of remove curse
 l - 2 scrolls of fog {unknown}
 m - 4 scrolls of teleportation
 n - 3 scrolls of recharging {unknown}
 o - 2 scrolls of enchant armour {unknown}
 q - 2 scrolls of enchant weapon {unknown}
 w - a scroll of immolation {unknown}
Potions
 c - a potion of ambrosia {unknown}
 j - 5 potions of curing {unknown}
 s - a potion of might {unknown}
 u - a potion of haste {unknown}
Comestibles
 f - 3 bread rations
 g - a slice of pizza
 i - 2 meat rations
 v - a beef jerky


   Skills:
 + Level 2.8(2.4) Fighting
 + Level 5.5(5.1) Maces & Flails
 + Level 1.9(1.5) Throwing
 + Level 2.3(1.9) Armour
 + Level 3.8(3.4) Dodging
 + Level 0.6(0.3) Stealth


You had 6 spell levels left.
You didn't know any spells.

Dungeon Overview and Level Annotations

Branches:
Dungeon (4/15)
 Temple: D:4-7

Altars:
Ashenzari


Innate Abilities, Weirdness & Mutations

You have extremely sharp teeth.
Your natural rate of healing is unusually fast.
When hurt, damage is shared between your health and your magic reserves.
Your bite disrupts and absorbs the magic of your enemies.
Potions and wands cannot restore your health.
You are immune to rotting.


Message History

Found 27 sling bullets.
m - 4 scrolls of teleportation (gained 1)
k - 5 scrolls of remove curse (gained 1) As you open the door, it creaks loudly!
You hear a shout!
An adder comes into view.
The adder closely misses you.
An ogre comes into view. It is wielding a giant club.
There is an open door here.
There are monsters nearby!
You hit the adder. Your bite misses the adder.
The adder is lightly wounded.
The adder bites you.
You barely miss the adder. Your bite misses the adder.
The adder is lightly wounded.
The adder closely misses you. The ogre hits you with a giant club!!
Ouch! That really hurt!
You closely miss the adder. Your bite misses the adder.
The adder is lightly wounded.
The adder bites you but does no damage. The ogre hits you with a giant club!
You die...

#......# #.....
#......#......# #.....
#......#......# #.....
#......#......# #.....
#......#......# #.....
#.....#......#####.....
##.....#................
......S#................
.......@................
......O#................
.......#######..........
....... #..........
##..... #..........
#..... #..........
#...... #..........
#...... #..........
.........# .......
#..........


You could see an ogre and an adder.

Vanquished Creatures
  5 big kobolds (Sewer)
  4 river rats (Sewer)
  7 adders
  6 oozes
  An adder skeleton (D:4)
  4 worms
  3 dart slugs
  4 leopard geckos
  6 giant cockroaches
  9 goblins
  7 hobgoblins
  8 jackals
  2 quokkas (D:3)
  3 ball pythons
  12 bats
  5 frilled lizards
  11 kobolds
  A quokka zombie (D:4)
  3 rats (D:2)
101 creatures vanquished.

Notes
Turn   | Place    | Note
-------+----------+-------------------------------------------
     0 | D:1      | sugabear the Vine Stalker Gladiator began the quest for the Orb.
     0 | D:1      | Reached XP level 1. HP: 11/11 MP: 2/2
   134 | D:1      | Reached XP level 2. HP: 7/15 MP: 3/3
   435 | D:1      | Reached skill level 3 in Maces & Flails
   736 | D:2      | Reached XP level 3. HP: 17/18 MP: 4/4
  1837 | D:3      | Gained mutation: Your natural rate of healing is unusually fast. [Vine Stalker growth]
  1837 | D:3      | Reached XP level 4. HP: 22/23 MP: 5/5
  1978 | D:3      | Found a shattered altar of Ashenzari.
  2352 | D:3      | Found a glowing drain.
  2372 | Sewer    | Entered a sewer
  2416 | Sewer    | Reached skill level 1 in Armour
  2455 | Sewer    | Reached XP level 5. HP: 24/26 MP: 6/6
  2556 | Sewer    | Reached skill level 4 in Maces & Flails
  2670 | Sewer    | Noticed a big kobold
  2690 | Sewer    | Killed a big kobold
  2690 | Sewer    | Reached XP level 6. HP: 30/30 MP: 7/7
  2930 | Sewer    | Reached skill level 5 in Maces & Flails
  2943 | Sewer    | Reached XP level 7. HP: 30/35 MP: 8/8
  3611 | D:4      | Slain by an ogre

Vault maps used:
D:1:      ncdulo_watergridlock
D:3:      old_standard_altar, gup_sewer_entry_pipe
D:4:      first_bread, uniq_blork_the_orc
Sewer:    sewer_co_tree

Skill      XL: |  1  2  3  4  5  6 |
---------------+-------------------+-----
Maces & Flails | 3 4 5 |  5.5
Fighting       | 2 |  2.8
Dodging        | 3 |  3.8
Armour         | 1 2 |  2.3
Throwing       | |  1.9
Stealth        | |  0.6

Action                   |  1- 3 |  4- 6 |  7- 9 || total
-------------------------+-------+-------+-------++-------
Melee: Flail             |   179 |   214 |    40 ||   433
       Bite              |    30 |    71 |    12 ||   113
  Use: Scroll            |       |     2 |       ||     2
 Stab: Sleeping          |     1 |       |       ||     1
  Eat: Chunk             |     3 |     5 |     2 ||    10
Armor: Leather armour    |    84 |    77 |    15 ||   176
Dodge: Dodged            |   179 |   145 |    28 ||   352
